 Dungeon Crawl Stone Soup version 0.21.1-1-g345015f (webtiles) character file.

4207 tidbits the Chucker (level 10, 0/77 HPs)
             Began as a Gnoll Wanderer on Mar 29, 2018.
             Was a Priest of Cheibriados (penitent).
             Slain by an orc warrior
             ... wielding a +0 war axe
              (14 damage)
             ... while paralysed
             ... in a bailey.
             The game lasted 00:26:11 (1614 turns).

tidbits the Chucker (Gnoll Wanderer)                Turns: 1614, Time: 00:26:12

Health: 0/77       AC: 15    Str: 13    XL:     10   Next: 29%
Magic:  7/17       EV:  2    Int: 20    God:    Cheibriados [*]
Gold:   186        SH:  0    Dex: 14    Spells: 19/19 levels left

rFire    . . .     SeeInvis .   b - +3 dire flail (protect)
rCold    + . .     Gourm    .   (shield currently unavailable)
rNeg     . . .     Faith    .   B - +0 ring mail
rPois    +         Spirit   .   (no helmet)
rElec    .         Reflect  .   C - +1 cloak
rCorr    .         Harm     .   (no gloves)
MR       .....                  (no boots)
Stlth    ++........             j - amulet of regeneration
HPRegen  0.62/turn              P - ring of poison resistance
MPRegen  0.15/turn              n - ring of protection from cold

@: paralysed, protection aura, berserk cooldown, very slightly contaminated,
slowed, very slow
A: distributed training, fangs 1, strong nose
a: Renounce Religion


You were in a bailey.
You worshipped Cheibriados.
Cheibriados was demanding penance.
You were hungry.

You visited 1 branch of the dungeon, and saw 7 of its levels.
You also visited: Bailey.

You collected 186 gold pieces.

Inventory:

Hand Weapons
 a - a +0 dagger
 b - a +3 dire flail of protection (weapon)
   (You took it off Edmund on level 4 of the Dungeon)
 e - a -1 morningstar
 g - a +0 quarterstaff
 l - a +2 mace
 o - the +4 hand axe of the Puffin {antimagic, rPois MR+}
   (You found it on level 7 of the Dungeon)

   It reduces the magical energy of the wielder, and disrupts the spells and
   magical abilities of those hit.
   Natural abilities and divine invocations are not affected.
   It protects you from poison.
   It affects your resistance to hostile enchantments.
 w - a +3 flail
 x - a +0 war axe
Missiles
 z - 12 stones (quivered)
Armour
 d - a +0 robe
 h - a +0 cloak
 s - a +2 robe of fire resistance
   (You took it off Pikel on level 5 of the Dungeon)
 B - a +0 ring mail (worn)
 C - a +1 cloak (worn)
 D - a +0 shield
Jewellery
 j - an amulet of regeneration (around neck)
   (You found it on level 4 of the Dungeon)
 k - an uncursed ring of flight
   (You found it on level 4 of the Dungeon)
 n - a ring of protection from cold (right hand)
   (You found it on level 4 of the Dungeon)
 v - a +4 ring of intelligence
   (You found it on level 5 of the Dungeon)
 A - an uncursed ring of protection from cold
   (You found it on level 5 of the Dungeon)
 P - a ring of poison resistance (left hand)
   (You found it on level 7 of the Dungeon)
Wands
 t - a wand of flame (32)
Scrolls
 r - 2 scrolls of remove curse
Potions
 f - a potion of curing
Comestibles
 c - 10 rations


   Skills:
 + Level 6.9 Fighting
 + Level 5.0 Short Blades
 + Level 5.0 Long Blades
 + Level 5.0 Axes
 + Level 6.9 Maces & Flails
 + Level 5.0 Polearms
 + Level 6.9 Staves
 + Level 5.0 Slings
 + Level 5.0 Bows
 + Level 5.0 Crossbows
 + Level 6.9 Throwing
 + Level 5.7 Armour
 + Level 5.0 Dodging
 + Level 5.6 Stealth
 + Level 5.0 Shields
 + Level 5.0 Unarmed Combat
 + Level 5.0 Spellcasting
 + Level 4.1 Conjurations
 + Level 4.1 Hexes
 + Level 4.1 Charms
 + Level 4.1 Summonings
 + Level 4.1 Necromancy
 + Level 4.1 Translocations
 + Level 4.1 Transmutations
 + Level 4.1 Fire Magic
 + Level 4.1 Ice Magic
 + Level 4.1 Air Magic
 + Level 4.1 Earth Magic
 + Level 4.1 Poison Magic
 + Level 5.5 Invocations
 + Level 5.0 Evocations


You had 19 spell levels left.
You didn't know any spells.

Dungeon Overview and Level Annotations

Branches:
Dungeon (7/15)
 Temple: D:4-7

Altars:
Cheibriados
Okawaru


Innate Abilities, Weirdness & Mutations

Your experience applies equally to all skills.
You have very sharp teeth.
Your uncanny sense of smell can sniff out nearby items.


Message History

A red film seems to cover your vision as you go berserk!
Cheibriados thinks you should slow down.
You feel very guilty.
Cheibriados lowers the support of your attributes as your movement quickens. "You will pay for your transgression, mortal!"
Cheibriados forces you to slow down.
You feel mighty!
The orc warlord hits you from afar with a halberd!
You bludgeon the orc warrior!!
The orc warrior is severely wounded.
The orc warrior hits you but does no damage.
The orc warlord roars a battlecry!
You hear a shout!
You puncture the orc warrior!
You kill the orc warrior!
Cheibriados appreciates the change of pace.
The orc warlord hits you from afar with a halberd!
Unknown command.
A goblin and 2 orcs come into view.
The orc shouts!
The goblin shouts!
The orc shouts!
The orc warlord closely misses you.
There is an open door, spattered with blood here.
Items here: )))) [[[[ † You hit the orc warlord.
Your bite misses the orc warlord.
The orc warlord is lightly wounded.
The hobgoblin barely misses you.
The orc warlord hits you but does no damage.
You barely miss the orc warlord. You bite the orc warlord.
The orc warlord is moderately wounded.
The hobgoblin hits you but does no damage.
The orc warlord hits you but does no damage.
An orc warrior comes into view. It is wielding a war axe.
The orc warrior shouts!
You sock the orc warlord!
The orc warlord is moderately wounded.
The hobgoblin barely misses you.
You hit the orc warlord.
The orc warlord is moderately wounded.
The orc warlord hits you but does no damage.
The hobgoblin hits you but does no damage.
You impale the orc warlord!!
You bite the orc warlord, but do no damage.
The orc warlord is severely wounded.
The orc warlord hits you with a halberd!!
The hobgoblin hits you but does no damage.
You sock the orc warlord!
You bite the orc warlord, but do no damage.
The orc warlord is severely wounded.
The orc warlord hits you with a halberd!!
* * * LOW HITPOINT WARNING * * *
The hobgoblin hits you but does no damage.
You barely miss the orc warlord.
The orc warlord is severely wounded.
You hit the orc warlord.
The orc warlord is severely wounded.
The hobgoblin barely misses you.
The orc warlord hits you with a halberd!
* * * LOW HITPOINT WARNING * * *
Unknown command.
You impale the orc warlord!!
You kill the orc warlord!
Cheibriados appreciates the change of pace.
Your Short Blades skill increases to level 5!
Your Long Blades skill increases to level 5!
Your Axes skill increases to level 5!
Your Polearms skill increases to level 5!
Your Slings skill increases to level 5!
Your Bows skill increases to level 5!
Your Crossbows skill increases to level 5!
Your Dodging skill increases to level 5!
Your Shields skill increases to level 5!
Your Unarmed Combat skill increases to level 5!
Your Spellcasting skill increases to level 5!
Your Conjurations skill increases to level 4!
Your Hexes skill increases to level 4!
Your Charms skill increases to level 4!
Your Summonings skill increases to level 4!
Your Necromancy skill increases to level 4!
Your Translocations skill increases to level 4!
Your Transmutations skill increases to level 4!
Your Fire Magic skill increases to level 4!
Your Ice Magic skill increases to level 4!
Your Air Magic skill increases to level 4!
Your Earth Magic skill increases to level 4!
Your Poison Magic skill increases to level 4!
Your Evocations skill increases to level 5!
You have reached level 10!
The orc no longer looks unusually strong.
You impale the hobgoblin!!
You kill the hobgoblin!
Cheibriados appreciates the change of pace.
The hobgoblin hits you with a hand axe.
* * * LOW HITPOINT WARNING * * *
Unknown command.
You hit the orc warrior. Your bite misses the orc warrior.
The orc warrior is lightly wounded.
You are no longer berserk.
You pass out from exhaustion.
You feel yourself slow down.
The hobgoblin hits you but does no damage.
The orc warrior hits you with a war axe!
You die...

♣♣##'''##♣♣ ##.....##
#.......# ##.......##
#.........#
##.....).).## #####
#.....⌠)[)..######
#.....##.........##.....
.....oo@.........').....
....(gg##.......##).....
..(().o #.......#.......
....(.. ##.....##.......
...⌠... #######.....⌠..
....... ∆∆∆∆∆##.......
....... ∆∆∆∆∆∆∆#.......
....... ##...... #......


You could see an orc warrior, 2 orcs, a hobgoblin and a goblin.

Vanquished Creatures
  An orc warlord (Bailey)
  Pikel (D:5)
  An orc knight (Bailey)
  Prince Ribbit (D:7)
  A spriggan (D:7)
  The ghost of Curus the Chopper, an amateur HOAK of Lugonu (D:4)
  Edmund (D:4)
  A sky beast (D:7)
  8 orc warriors (Bailey)
  A bullfrog (D:6)
  A scorpion (D:5)
  A water moccasin skeleton (D:7)
  A crimson imp (D:5)
  A jelly (D:5)
  A centaur skeleton (D:4)
  Crazy Yiuf (D:4)
  An orc wizard (D:7)
  Ijyb (D:4)
  7 worker ants
  A worker ant zombie (D:5)
  10 gnolls
  2 adders
  An adder zombie (D:5)
  5 leopard geckos
  20 orcs
  2 bats
  2 giant cockroaches
  15 goblins
  12 hobgoblins
  4 quokkas
  A frilled lizard (D:4)
  A kobold (D:3)
  2 leopard gecko zombies
  3 rats
  A fungus (D:4)
114 creatures vanquished.

Notes
Turn   | Place    | Note
-------+----------+-------------------------------------------
     0 | D:1      | tidbits the Gnoll Wanderer began the quest for the Orb.
     0 | D:1      | tidbits set off with: a +2 mace, a +0 quarterstaff, a potion of curing, a +0 robe, a ration
     0 | D:1      | Reached XP level 1. HP: 20/20 MP: 1/1
    21 | D:1      | You fall through a shaft!
    25 | D:2      | Found a faded altar of an unknown god.
    35 | D:2      | Became a worshipper of Cheibriados the Contemplative
    35 | D:2      | Reached * piety under Cheibriados
    46 | D:2      | Reached XP level 2. HP: 15/26 MP: 2/2
   186 | D:3      | Reached XP level 3. HP: 31/31 MP: 3/3
   330 | D:4      | Noticed Curus's ghost (amateur HOAK)
   373 | D:4      | Noticed Ijyb
   379 | D:4      | Killed Ijyb
   379 | D:4      | Reached skill level 1 in Short Blades
   379 | D:4      | Reached skill level 1 in Long Blades
   379 | D:4      | Reached skill level 1 in Axes
   379 | D:4      | Reached skill level 1 in Polearms
   379 | D:4      | Reached skill level 1 in Slings
   379 | D:4      | Reached skill level 1 in Bows
   379 | D:4      | Reached skill level 1 in Crossbows
   379 | D:4      | Reached skill level 1 in Dodging
   379 | D:4      | Reached skill level 1 in Shields
   379 | D:4      | Reached skill level 1 in Unarmed Combat
   379 | D:4      | Reached skill level 1 in Spellcasting
   379 | D:4      | Reached skill level 1 in Invocations
   379 | D:4      | Reached skill level 1 in Evocations
   423 | D:4      | Found a runed door.
   427 | D:4      | Noticed Crazy Yiuf
   432 | D:4      | Killed Crazy Yiuf
   432 | D:4      | Reached XP level 4. HP: 27/38 MP: 5/5
   532 | D:4      | Killed Curus's ghost
   532 | D:4      | Reached ** piety under Cheibriados
   532 | D:4      | Reached skill level 3 in Armour
   532 | D:4      | Reached skill level 1 in Conjurations
   532 | D:4      | Reached skill level 1 in Hexes
   532 | D:4      | Reached skill level 1 in Charms
   532 | D:4      | Reached skill level 1 in Summonings
   532 | D:4      | Reached skill level 1 in Necromancy
   532 | D:4      | Reached skill level 1 in Translocations
   532 | D:4      | Reached skill level 1 in Transmutations
   532 | D:4      | Reached skill level 1 in Fire Magic
   532 | D:4      | Reached skill level 1 in Ice Magic
   532 | D:4      | Reached skill level 1 in Air Magic
   532 | D:4      | Reached skill level 1 in Earth Magic
   532 | D:4      | Reached skill level 1 in Poison Magic
   532 | D:4      | Reached XP level 5. HP: 43/43 MP: 5/7
   532 | D:4      | Reached XP level 6. HP: 50/50 MP: 5/8
   580 | D:4      | Reached skill level 3 in Stealth
   580 | D:4      | Reached skill level 2 in Invocations
   644 | D:4      | Noticed Edmund
   656 | D:4      | Killed Edmund
   656 | D:4      | Reached skill level 5 in Fighting
   656 | D:4      | Reached skill level 2 in Short Blades
   656 | D:4      | Reached skill level 2 in Long Blades
   656 | D:4      | Reached skill level 2 in Axes
   656 | D:4      | Reached skill level 5 in Maces & Flails
   656 | D:4      | Reached skill level 2 in Polearms
   656 | D:4      | Reached skill level 5 in Staves
   656 | D:4      | Reached skill level 2 in Slings
   656 | D:4      | Reached skill level 2 in Bows
   656 | D:4      | Reached skill level 2 in Crossbows
   656 | D:4      | Reached skill level 5 in Throwing
   656 | D:4      | Reached skill level 2 in Dodging
   656 | D:4      | Reached skill level 2 in Shields
   656 | D:4      | Reached skill level 2 in Unarmed Combat
   656 | D:4      | Reached skill level 2 in Spellcasting
   656 | D:4      | Reached skill level 2 in Evocations
   677 | D:4      | Reached XP level 7. HP: 46/56 MP: 10/10
   758 | D:5      | Entered Level 5 of the Dungeon
   822 | D:5      | Noticed Pikel
   830 | D:5      | Killed Pikel
   830 | D:5      | Reached skill level 4 in Armour
   830 | D:5      | Reached skill level 2 in Conjurations
   830 | D:5      | Reached skill level 2 in Hexes
   830 | D:5      | Reached skill level 2 in Charms
   830 | D:5      | Reached skill level 2 in Summonings
   830 | D:5      | Reached skill level 2 in Necromancy
   830 | D:5      | Reached skill level 2 in Translocations
   830 | D:5      | Reached skill level 2 in Transmutations
   830 | D:5      | Reached skill level 2 in Fire Magic
   830 | D:5      | Reached skill level 2 in Ice Magic
   830 | D:5      | Reached skill level 2 in Air Magic
   830 | D:5      | Reached skill level 2 in Earth Magic
   830 | D:5      | Reached skill level 2 in Poison Magic
   830 | D:5      | Reached skill level 3 in Invocations
   830 | D:5      | Reached XP level 8. HP: 49/63 MP: 10/12
   869 | D:5      | Reached skill level 3 in Short Blades
   869 | D:5      | Reached skill level 3 in Long Blades
   869 | D:5      | Reached skill level 3 in Axes
   869 | D:5      | Reached skill level 3 in Polearms
   869 | D:5      | Reached skill level 3 in Slings
   869 | D:5      | Reached skill level 3 in Bows
   869 | D:5      | Reached skill level 3 in Crossbows
   869 | D:5      | Reached skill level 3 in Dodging
   869 | D:5      | Reached skill level 3 in Shields
   869 | D:5      | Reached skill level 3 in Unarmed Combat
   869 | D:5      | Reached skill level 3 in Spellcasting
   869 | D:5      | Reached skill level 3 in Evocations
  1013 | D:5      | Reached skill level 4 in Stealth
  1067 | D:5      | Reached *** piety under Cheibriados
  1263 | D:7      | Noticed Prince Ribbit
  1267 | D:7      | Killed Prince Ribbit
  1267 | D:7      | Reached skill level 4 in Invocations
  1268 | D:7      | Noticed a spriggan baker
  1272 | D:7      | Killed a spriggan baker
  1272 | D:7      | Reached skill level 6 in Fighting
  1272 | D:7      | Reached skill level 6 in Maces & Flails
  1272 | D:7      | Reached skill level 6 in Staves
  1272 | D:7      | Reached skill level 6 in Throwing
  1272 | D:7      | Reached skill level 3 in Conjurations
  1272 | D:7      | Reached skill level 3 in Hexes
  1272 | D:7      | Reached skill level 3 in Charms
  1272 | D:7      | Reached skill level 3 in Summonings
  1272 | D:7      | Reached skill level 3 in Necromancy
  1272 | D:7      | Reached skill level 3 in Translocations
  1272 | D:7      | Reached skill level 3 in Transmutations
  1272 | D:7      | Reached skill level 3 in Fire Magic
  1272 | D:7      | Reached skill level 3 in Ice Magic
  1272 | D:7      | Reached skill level 3 in Air Magic
  1272 | D:7      | Reached skill level 3 in Earth Magic
  1272 | D:7      | Reached skill level 3 in Poison Magic
  1272 | D:7      | Reached XP level 9. HP: 69/69 MP: 14/14
  1329 | D:7      | Found an iron altar of Okawaru.
  1360 | D:7      | Found a flagged portal.
  1365 | D:7      | Got a smoking hand axe
  1385 | D:7      | Identified the +4 hand axe of the Puffin {antimagic, rPois MR+} (You found it on level 7 of the Dungeon)
  1405 | Bailey   | Entered a bailey
  1455 | Bailey   | Reached **** piety under Cheibriados
  1508 | Bailey   | Noticed an orc knight
  1521 | Bailey   | Killed an orc knight
  1521 | Bailey   | Reached skill level 4 in Short Blades
  1521 | Bailey   | Reached skill level 4 in Long Blades
  1521 | Bailey   | Reached skill level 4 in Axes
  1521 | Bailey   | Reached skill level 4 in Polearms
  1521 | Bailey   | Reached skill level 4 in Slings
  1521 | Bailey   | Reached skill level 4 in Bows
  1521 | Bailey   | Reached skill level 4 in Crossbows
  1521 | Bailey   | Reached skill level 5 in Armour
  1521 | Bailey   | Reached skill level 4 in Dodging
  1521 | Bailey   | Reached skill level 4 in Shields
  1521 | Bailey   | Reached skill level 4 in Unarmed Combat
  1521 | Bailey   | Reached skill level 4 in Spellcasting
  1521 | Bailey   | Reached skill level 4 in Evocations
  1525 | Bailey   | HP: 2/69 [orc warrior/war axe (12)]
  1534 | Bailey   | Reached skill level 5 in Stealth
  1536 | Bailey   | Noticed an orc warlord
  1551 | Bailey   | Reached skill level 5 in Invocations
  1600 | Bailey   | Was placed under penance by Cheibriados
  1612 | Bailey   | Killed an orc warlord
  1612 | Bailey   | Reached skill level 5 in Short Blades
  1612 | Bailey   | Reached skill level 5 in Long Blades
  1612 | Bailey   | Reached skill level 5 in Axes
  1612 | Bailey   | Reached skill level 5 in Polearms
  1612 | Bailey   | Reached skill level 5 in Slings
  1612 | Bailey   | Reached skill level 5 in Bows
  1612 | Bailey   | Reached skill level 5 in Crossbows
  1612 | Bailey   | Reached skill level 5 in Dodging
  1612 | Bailey   | Reached skill level 5 in Shields
  1612 | Bailey   | Reached skill level 5 in Unarmed Combat
  1612 | Bailey   | Reached skill level 5 in Spellcasting
  1612 | Bailey   | Reached skill level 4 in Conjurations
  1612 | Bailey   | Reached skill level 4 in Hexes
  1612 | Bailey   | Reached skill level 4 in Charms
  1612 | Bailey   | Reached skill level 4 in Summonings
  1612 | Bailey   | Reached skill level 4 in Necromancy
  1612 | Bailey   | Reached skill level 4 in Translocations
  1612 | Bailey   | Reached skill level 4 in Transmutations
  1612 | Bailey   | Reached skill level 4 in Fire Magic
  1612 | Bailey   | Reached skill level 4 in Ice Magic
  1612 | Bailey   | Reached skill level 4 in Air Magic
  1612 | Bailey   | Reached skill level 4 in Earth Magic
  1612 | Bailey   | Reached skill level 4 in Poison Magic
  1612 | Bailey   | Reached skill level 5 in Evocations
  1612 | Bailey   | Reached XP level 10. HP: 19/77 MP: 7/17
  1614 | Bailey   | Slain by an orc warrior

Skill      XL: |  1  2  3  4  5  6  7  8  9 |
---------------+----------------------------+-----
Short Blades   | 1 2 3 5 |  5.0
Long Blades    | 1 2 3 5 |  5.0
Axes           | 1 2 3 5 |  5.0
Polearms       | 1 2 3 5 |  5.0
Slings         | 1 2 3 5 |  5.0
Bows           | 1 2 3 5 |  5.0
Crossbows      | 1 2 3 5 |  5.0
Dodging        | 1 2 3 5 |  5.0
Shields        | 1 2 3 5 |  5.0
Unarmed Combat | 1 2 3 5 |  5.0
Spellcasting   | 1 2 3 5 |  5.0
Invocations    | 1 2 3 4 5 |  5.5
Evocations     | 1 2 3 5 |  5.0
Armour         | 3 4 5 |  5.7
Conjurations   | 1 2 3 4 |  4.1
Hexes          | 1 2 3 4 |  4.1
Charms         | 1 2 3 4 |  4.1
Summonings     | 1 2 3 4 |  4.1
Necromancy     | 1 2 3 4 |  4.1
Translocations | 1 2 3 4 |  4.1
Transmutations | 1 2 3 4 |  4.1
Fire Magic     | 1 2 3 4 |  4.1
Ice Magic      | 1 2 3 4 |  4.1
Air Magic      | 1 2 3 4 |  4.1
Earth Magic    | 1 2 3 4 |  4.1
Poison Magic   | 1 2 3 4 |  4.1
Stealth        | 3 4 5 |  5.6
Fighting       | 5 6 |  6.9
Maces & Flails | 5 6 |  6.9
Staves         | 5 6 |  6.9
Throwing       | 5 6 |  6.9

Action                   |  1- 3 |  4- 6 |  7- 9 | 10-12 || total
-------------------------+-------+-------+-------+-------++-------
Melee: Mace              |    46 |    18 |       |       ||    64
       Morningstar       |    16 |       |       |       ||    16
       Bite              |     6 |     5 |    23 |       ||    34
       Unarmed           |       |    15 |       |       ||    15
       Dagger            |       |     1 |     5 |       ||     6
       Dire flail        |       |     7 |   136 |     2 ||   145
       Punch             |       |     1 |       |       ||     1
       Hand axe          |       |       |    32 |       ||    32
Throw: Tomahawk          |     3 |     3 |    18 |       ||    24
       Throwing net      |       |       |     1 |       ||     1
Invok: Slouch            |       |       |     3 |       ||     3
Evoke: Wand              |     1 |     5 |    15 |       ||    21
  Use: Scroll            |     1 |     2 |     4 |       ||     7
       Potion            |       |     2 |     5 |       ||     7
 Stab: Sleeping          |     3 |     1 |     3 |       ||     7
       Held in net/web   |       |       |     4 |       ||     4
Armor: Robe              |    14 |       |       |       ||    14
       Skin              |       |     9 |       |       ||     9
       Ring mail         |       |     6 |    62 |     1 ||    69
Dodge: Dodged            |    29 |    14 |   123 |       ||   166

Table legend:
 A = Turns spent in this place as a percentage of turns spent in the entire game.
 B = Non-inter-level travel turns spent in this place as a percentage of non-inter-level travel turns spent in the entire game.
 C = Inter-level travel turns spent in this place as a percentage of turns spent in this place.
 D = Turns resting spent in this place as a percentage of non-inter-level travel turns spent in this place.
 E = Turns spent auto-exploring this place as a percentage of non-inter-level travel turns spent in this place.
 F = Non-inter-level travel turns spent in this place divided by the number of levels of this place that you've seen.
                   A       B       C       D       E      F
               +-------+-------+-------+-------+-------+----------------------
         Total | 100.0 | 100.0 |   0.0 |   0.0 |   0.0 | 201.8
       Dungeon |  87.1 |  87.1 |   0.0 |   0.0 |   0.0 | 200.7
        Bailey |  12.9 |  12.9 |   0.0 |   0.0 |   0.0 | 209.0
               +-------+-------+-------+-------+-------+----------------------

Table legend:
 A = Kills in this place as a percentage of kills in entire the game.
 B = Kills by you in this place as a percentage of kills by you in the entire game.
 C = Kills by friends in this place as a percentage of kills by friends in the entire game.
 D = Other kills in this place as a percentage of other kills in the entire game.
 E = Experience gained in this place as a percentage of experience gained in the entire game.
 F = Experience gained in this place divided by the number of levels of this place that you have seen.
                   A       B       C       D       E      F
               +-------+-------+-------+-------+-------+----------------------
         Total | 100.0 | 100.0 |   N/A |   N/A | 100.0 | 751.2
       Dungeon |  53.1 |  53.1 |   N/A |   N/A |  41.7 | 357.9
        Bailey |  46.9 |  46.9 |   N/A |   N/A |  58.3 | 3505.0
               +-------+-------+-------+-------+-------+----------------------

Vault maps used:
D:1:      evilmike_arrival_grusome_pit, kennysheep_minor_cross
D:2:      chequers_ecumenical_altar_simple_redux
D:3:      nicolae_overflow_quartered_altars, first_ration, minmay_statues_item,
          minmay_hedge_maze, grunt_ashenzari_visionary, uniq_grinder
D:4:      lightli_temple_of_fire, grunt_dithmenos_smoke, portal_sewer_entry_e,
          hangedman_decor_growths, uniq_ijyb, uniq_edmund,
          uniq_crazy_yiuf_cottage
D:5:      minmay_temple_entry_fiery, uniq_pikel
D:6:      lemuel_round_altar
D:7:      lemuel_round_altar, serial_shops, shop, enter_bailey_2, the_bakery,
          uniq_prince_ribbit1
Bailey:   bailey_axe_minmay_hex_keep, bailey
